AoeStats
← Gary038202

Oasis

509645975Analyzed
4v4 RM · 5d ago on Sep 27, 2026· 70m 39s· 8 players
Game mode
Random Map
Map size
Large (8 player)
Population
200
Speed
Normal
Resources
Standard
Victory
Conquest
Starting age
Dark Age
Ending age
Imperial Age
RankedLock teamsTeams togetherTeam positionsShared explorationLock speedFull tech treeHidden civsTurbo modeCheats
Victory
Defeat
🇹🇼 Dravidians · Taiwan
994
+15
🇹🇼 Danes · Taiwan
993
+15
🇨🇳 Italians · China
979
+16
🇷🇸 Celts · Serbia
961
+15
🇮🇳 Magyars · India
980
-16
🇮🇳 Byzantines · India
967
-15
🇮🇳 Armenians · India
966
-15
🇮🇳 Hindustanis · India
965
-15
GuptasLegacy
11:32 Feudal Age
12:00 Double-Bit Axe
11:59 Horse Collar
15:31 Loom
21:34 Castle Age
22:43 Heavy Plow
22:55 Bow Saw
23:31 Gold Mining
28:29 Imperial Age
26:38 Wheelbarrow
25:48 Town Watch
26:20 Forging
26:11 Scale Mail Armor
25:33 Man-at-Arms
27:47 Gold Shaft Mining
26:57 Long Swordsman
27:22 Gambesons
27:28 Arson
27:58 Squires
28:52 Hand Cart
28:19 Two-Handed Swordsman
30:01 Iron Casting
29:23 Loom
32:14 Blast Furnace
31:29 Chain Mail Armor
31:32 Elite Skirmisher
32:23 Town Patrol
32:47 Fletching
32:48 Champion
34:56 Conscription
34:42 Fereters
35:09 Bodkin Arrow
35:14 Padded Archer Armor
37:56 Leather Archer Armor
37:42 Bracer
38:41 Plate Mail Armor
41:11 Ring Archer Armor
43:27 Elite Composite Bowman
69:03 Pikeman
Shanu
4:16 Loom
11:06 Feudal Age
11:37 Horse Collar
11:46 Double-Bit Axe
17:10 Gold Mining
26:32 Castle Age
25:33 Fletching
25:44 Scale Mail Armor
25:46 Padded Archer Armor
28:13 Squires
28:12 Arson
28:49 Pikeman
28:52 Elite Skirmisher
31:58 Forging
34:08 Bow Saw
34:28 Leather Archer Armor
37:53 Wheelbarrow
38:10 Chain Mail Armor
38:29 Bodkin Arrow
39:03 Ballistics
41:26 Iron Casting
40:51 Treadmill Crane
41:22 Fortified Wall
41:09 Murder Holes
41:12 Stone Mining
49:12 Imperial Age
46:58 Hand Cart
51:07 Hand Cart
52:21 Chemistry
70:28 Husbandry
69:49 Light Cavalry
clueless
7:59 Loom
10:09 Feudal Age
11:18 Horse Collar
12:06 Scale Barding Armor
12:48 Double-Bit Axe
20:39 Castle Age
21:44 Chain Barding Armor
20:46 Light Cavalry
21:28 Husbandry
30:47 Wheelbarrow
30:38 Town Watch
32:35 Heavy Plow
34:18 Bow Saw
36:36 Bloodlines
39:33 Imperial Age
37:24 Hand Cart
39:18 Fletching
39:21 Gold Mining
39:22 Stone Mining
41:14 Conscription
40:17 Cavalier
43:17 Paladin
45:08 Hussar
47:31 Chemistry
46:39 Siege Engineers
50:21 Plate Barding Armor
50:07 Caravan
51:33 Corvinian Army
51:53 Elite Magyar Huszar
53:42 Ballistics
53:18 Murder Holes
62:09 Recurve Bow
63:22 Bodkin Arrow
63:28 Padded Archer Armor
67:44 Parthian Tactics
66:40 Heavy Cavalry Archer
69:45 Thumb Ring
kundan
10:32 Feudal Age
16:38 Castle Age
14:55 Double-Bit Axe
14:53 Horse Collar
20:53 Wheelbarrow
20:31 Heavy Plow
23:04 Bow Saw
22:47 Stone Mining
24:41 Gold Mining
28:53 Gold Shaft Mining
28:58 Stone Shaft Mining
29:23 Hand Cart
33:02 Imperial Age
31:22 Scale Mail Armor
31:32 Forging
32:47 Chain Mail Armor
34:26 Iron Casting
33:31 Elite Ghulam
34:24 Shatagni
34:46 Conscription
36:14 Blast Furnace
38:12 Chemistry
37:33 Ballistics
41:46 Grand Trunk Road
64:34 Caravan
67:36 Husbandry
67:49 Scale Barding Armor
70:16 Chain Barding Armor
danny83627danny83627
1:17 Loom
12:35 Feudal Age
14:06 Double-Bit Axe
17:19 Castle Age
15:03 Horse Collar
18:35 Bow Saw
21:50 Fervor
27:50 Heavy Plow
29:35 Caravan
34:03 Imperial Age
34:48 Wheelbarrow
34:53 Wheelbarrow
34:49 Siege Engineers
35:11 Conscription
34:16 Hamask
36:19 Scale Mail Armor
36:30 Forging
36:40 Thumb Ring
36:37 Husbandry
37:40 Chemistry
36:36 Fletching
36:07 Elite Jomsviking
36:17 Northmen's Fury
36:28 Onager
38:07 Squires
37:55 Arson
38:33 Ballistics
38:27 Bloodlines
38:33 Chain Mail Armor
38:16 Bodkin Arrow
39:13 Iron Casting
38:02 Cranequins
40:33 Heavy Mounted Crossbowman
40:39 Siege Onager
42:13 Hand Cart
44:12 Blast Furnace
43:42 Plate Mail Armor
43:13 Bracer
43:15 Padded Archer Armor
42:40 Light Cavalry
42:48 Elite Varangian Guard
43:13 Gambesons
59:42 Murder Holes
59:58 Masonry
60:05 Leather Archer Armor
59:56 Scale Barding Armor
Tonik
2:18 Loom
11:58 Feudal Age
12:50 Horse Collar
12:59 Double-Bit Axe
13:55 Wheelbarrow
19:38 Castle Age
18:44 Gold Mining
19:45 Stone Mining
20:46 Bow Saw
21:11 Heavy Plow
21:06 Pikeman
32:52 Forging
32:42 Scale Mail Armor
32:33 Fletching
34:09 Gold Shaft Mining
36:08 Imperial Age
33:11 Man-at-Arms
33:36 Gambesons
33:37 Arson
34:28 Chain Mail Armor
34:49 Iron Casting
35:09 Hand Cart
35:21 Hand Cart
34:54 Town Watch
35:36 Ballistics
35:14 Murder Holes
35:38 Masonry
36:19 Bodkin Arrow
36:21 Stronghold
36:11 Onager
36:15 Capped Ram
38:26 Chemistry
38:10 Conscription
38:48 Furor Celtica
38:05 Halberdier
40:20 Plate Mail Armor
40:51 Blast Furnace
39:24 Siege Ram
40:52 Siege Onager
41:52 Siege Engineers
43:53 Heavy Scorpion
59:47 Caravan
苏坊
9:41 Loom
12:19 Feudal Age
17:32 Castle Age
18:54 Double-Bit Axe
19:58 Padded Archer Armor
19:48 Fletching
19:50 Horse Collar
20:06 Gold Mining
21:25 Leather Archer Armor
21:06 Bodkin Arrow
22:58 Bow Saw
25:52 Ballistics
32:37 Wheelbarrow
34:49 Hand Cart
36:19 Scale Barding Armor
36:25 Forging
37:30 Husbandry
37:42 Bloodlines
36:56 Light Cavalry
40:51 Imperial Age
38:08 Town Watch
38:18 Stone Mining
38:34 Heavy Plow
41:02 Chain Barding Armor
41:18 Iron Casting
40:54 Elite Genoese Crossbowman
41:54 Conscription
41:57 Silk Road
42:31 Plate Barding Armor
42:26 Ring Archer Armor
41:57 Bracer
41:20 Hussar
43:04 Chemistry
44:49 Two-Man Saw
46:11 Hoardings
46:47 Murder Holes
47:02 Fortified Wall
47:06 Masonry
48:28 Caravan
50:20 Blast Furnace
57:14 Elite Skirmisher
Gary038202
10:59 Feudal Age
14:43 Castle Age
12:44 Double-Bit Axe
13:45 Horse Collar
15:47 Heavy Plow
16:48 Loom
18:08 Bow Saw
22:37 Wheelbarrow
25:09 Hand Cart
25:37 Fletching
31:19 Imperial Age
28:52 Bodkin Arrow
29:03 Scale Barding Armor
29:28 Thumb Ring
29:39 Gold Mining
31:04 Ballistics
31:22 Chain Barding Armor
31:02 Padded Archer Armor
31:45 Elite Elephant Archer
32:43 Medical Corps
32:59 Conscription
33:16 Bracer
33:32 Leather Archer Armor
34:52 Chemistry
34:40 Caravan
35:50 Two-Man Saw
35:07 Squires
34:53 Gambesons
34:53 Arson
34:37 Siege Elephant
36:48 Ring Archer Armor
36:20 Scale Mail Armor
36:35 Husbandry
36:58 Heavy Scorpion
38:44 Elite Skirmisher
41:43 Wootz Steel
41:58 Stone Mining
46:51 Elite Urumi Swordsman
49:22 Forging
49:27 Chain Mail Armor
51:12 Masonry
52:38 Plate Mail Armor
52:44 Iron Casting
52:24 Man-at-Arms
53:12 Pikeman
55:08 Long Swordsman
56:25 Two-Handed Swordsman
57:09 Champion
61:22 Blast Furnace
60:35 Halberdier
Connection lost

Rejoining the realm…

Still unreachable

The connection could not be restored.

Session expired

The server has moved on; the page needs a fresh start.